Unix NetHack Version 5.0.0-0 post-release - last build Jun 10 2026 00:39:30 (3ee93aec679c4c4259841fe613dc97188e26a321,branch:main).

Game began 2026-06-27 20:20:39, ended 2026-06-27 21:09:44.

Daltwisney, chaotic female elven Wizard

                                           ---                        ----
                                         ---.---                    ---..----
                                         |.^...#--------          .--.....|.--
                                       ---..............         ............|
                                      --......----....--        .......@.....--
                                      |..------  ---..----     .......q.......|
                                      |.--         ---...|    ...... >(%.....-|
                                      |%|            --..--.#......  --.......|
                                      ..|             --....)*[...    |......--
                                      ..|              --........     |-%...-|
                                                           ......     |......--
                                                            .....     |-......|
                                                             ..<.     |......--
                                                              ...     |......|
                                                                      --.-.---
                                                                       |...|
                                                                     ---.---
                                                                     |...|
                                                                     |..--
                                                                     ----
Daltwisney the Conjurer   St:9 Dx:12 Co:13 In:20 Wi:13 Ch:12  Chaotic
Dlvl:6  $:91 HP:0(23) Pw:34(45) AC:6  Xp:4 T:1185  Burdened

Latest messages:
 You miss the rock mole.
 You miss the rock mole.
 The rock mole bites!
 You miss the rock mole.
 You miss the rock mole.
 You miss the rock mole.
 You miss j4cbo's ghost.
 You miss j4cbo's ghost.
 You miss j4cbo's ghost.
 J4cbo's ghost touches you!
 You miss j4cbo's ghost.
 The rock mole bites!
 You kill the rock mole!
 Welcome to experience level 4.
 You feel awake!
 J4cbo's ghost touches you!
 You miss j4cbo's ghost.
 J4cbo's ghost touches you!
 You hit j4cbo's ghost!
 You miss j4cbo's ghost.
 You miss j4cbo's ghost.
 You miss j4cbo's ghost.
 You miss j4cbo's ghost.
 You miss j4cbo's ghost.
 You miss j4cbo's ghost.
 You miss j4cbo's ghost.
 J4cbo's ghost just misses!
 You miss j4cbo's ghost.
 You miss j4cbo's ghost.
 You miss j4cbo's ghost.
 J4cbo's ghost touches you!
 What do you want to zap? [cF or ?*] ?
 In what direction? 8
 J4cbo's ghost turns to flee.
 The rothe hits!
 The rothe misses!
 The rothe bites!
 The rothe hits!
 The rothe bites!
 The rothe bites again!
 You miss the rothe.
 The rothe hits!
 The rothe bites!
 The rothe bites again!
 You die...
 Do you want your possessions identified? [ynq] (y) n
 Do you want to see your attributes? [ynq] (y) n
 Do you want an account of creatures vanquished? [ynaq] (y) n
 Do you want to see your conduct and achievements? [ynq] (y) n
 Do you want to see the dungeon overview? [ynq] (y) n

Inventory:
 Coins    ('$')
  $ - 91 gold pieces
 Weapons  (')')
  a - a blessed +2 quarterstaff (weapon in hands)
 Armor    ('[')
  q - an uncursed +0 orcish helm (being worn)
  E - an uncursed +0 pair of iron shoes (being worn)
  b - an uncursed +0 cloak of magic resistance (being worn)
 Comestibles  ('%')
  C - an uncursed cram ration
  r - 3 uncursed food rations
  G - 4 cursed food rations
  z - an uncursed lichen corpse
 Scrolls  ('?')
  H - a cursed scroll of create monster
  D - a blessed scroll of enchant armor
  k - a blessed scroll of food detection
  j - an uncursed scroll of remove curse
 Spellbooks  ('+')
  l - a blessed spellbook of force bolt
  m - an uncursed spellbook of knock
  y - an uncursed spellbook of knock
 Potions  ('!')
  g - an uncursed potion of blindness
  f - an uncursed potion of enlightenment
  x - a blessed potion of gain level
  t - an uncursed potion of healing
  B - an uncursed potion of invisibility
  h - 2 uncursed potions of water
 Rings    ('=')
  d - an uncursed +3 ring of adornment (on right hand)
  e - an uncursed ring of fire resistance (on left hand)
 Wands    ('/')
  F - a wand of nothing (0:11)
  c - a wand of undead turning (0:4)
 Tools    ('(')
  o - an uncursed leather drum
  n - a magic marker (0:20)

Daltwisney the Wizard's attributes:

Background:
 You were a Conjurer, a level 4 female elven Wizard.
 You were chaotic, nominally on a mission for Anhur
 who was opposed by Ptah (lawful) and Thoth (neutral).
 You were right-handed.
 You were in the Gnomish Mines, on level 6.
 You entered the dungeon 1185 turns ago.
 You had 81 experience points, 79 more were needed to attain level 5.

Basics:
 You had 0 out of 23 hit points.
 You had 34 out of 45 energy points (spell power).
 Your armor class was 6.
 Your wallet contained 91 zorkmids.
 Autopickup was off.

Final Characteristics:
 Your strength was 9 (limit:18).
 Your dexterity was 12 (limit:18).
 Your constitution was 13 (limit:16).
 Your intelligence was 20 (limit:20).
 Your wisdom was 13 (limit:20).
 Your charisma was 12 (base:9, limit:18).

Final Status:
 You weren't hungry.
 You were burdened; movement was slightly slowed.
 You were wielding a quarterstaff.
 You had basic skill with quarterstaff.

Final Attributes:
 You were devoutly aligned.
 You were magic-protected.
 You were fire resistant.
 Your items were protected from fire.
 You were sleep resistant.
 You had infravision.
 You were more charismatic.
 You were warded.
 You are dead.

Miscellaneous:
 You encountered 1 bones level.
 Total elapsed playing time was 49 minutes and 3 seconds.

Major events:
 Turn
    1: Daltwisney the chaotic female elven Wizard entered the dungeon
  914: entered the Gnomish Mines
 1026: attained the rank of Conjurer (level 3)
 1185: killed by a rothe

Spells:
 Name                 Level Category     Fail Retention
 force bolt             1   attack         0%  91%-100%
 knock                  1   matter         0%  76%-100%

Skills:
 Fighting Skills
   bare handed combat [Unskilled]
   riding             [Unskilled]
 Weapon Skills
   dagger             [Unskilled]
   knife              [Unskilled]
   axe                [Unskilled]
   short sword        [Unskilled]
   club               [Unskilled]
   mace               [Unskilled]
   quarterstaff       [Basic]
   polearms           [Unskilled]
   spear              [Unskilled]
   trident            [Unskilled]
   sling              [Unskilled]
   dart               [Unskilled]
   shuriken           [Unskilled]
 Spellcasting Skills
   attack spells      [Basic]
   healing spells     [Unskilled]
   divination spells  [Unskilled]
   enchantment spells [Basic]
   clerical spells    [Unskilled]
   escape spells      [Unskilled]
   matter spells      [Unskilled]

Voluntary challenges:
 Character rerolling was not enabled.
 You were an atheist.
 You never genocided any monsters.
 You never polymorphed an object.
 You never changed form.
 You used no wishes.
Achievements:
 You entered a shop.
 You entered the Gnomish Mines.
 You attained the rank of Conjurer.

 The Dungeons of Doom: levels 1 to 4
    Level 1:
       A fountain.
    Level 2:
       A general store, a sink.
    Level 3:
    Level 4:
       A fountain.
       Stairs down to The Gnomish Mines.
 The Gnomish Mines: levels 5 to 6
    Level 5:
    Level 6: <- You were here.
       A grave.
       Final resting place for
          you, killed by a rothe,
          j4cbo-Val-Hum-Fem-Law, killed by a hallucinogen-distorted gnome lord.


Vanquished creatures:
  a rock mole
  a gnome leader
  a kitten
  2 dwarves
 an orc zombie
  a dwarf zombie
  a giant rat
  a red mold
  2 gnomes
  a gecko
  a kobold
  a goblin
  a sewer rat
  2 grid bugs
  2 lichens
  a kobold zombie
  a newt
21 creatures vanquished.

No species were genocided or became extinct.

Game over:
                       ----------
                      /          \
                     /    REST    \
                    /      IN      \
                   /     PEACE      \
                  /                  \
                  |    Daltwisney    |
                  |      91 Au       |
                  |   killed by a    |
                  |      rothe       |
                  |                  |
                  |                  |
                  |       2026       |
                 *|     *  *  *      | *
        _________)/\\_//(\/(/\)/\//\/|_)_______

Goodbye Daltwisney the Wizard...

You died in The Gnomish Mines on dungeon level 6 with 666 points,
and 91 pieces of gold, after 1185 moves.
You were level 4 with a maximum of 23 hit points when you died.

